 Dungeon Crawl Stone Soup version 0.16.2-12-gd0ad4c3 (webtiles) character file.

12554 Peloso the Carver (level 11, -2/100 HPs)
             Began as a Minotaur Fighter on Nov 8, 2015.
             Was a High Priest of Okawaru.
             Slain by a catoblepas (8 damage)
             ... on level 11 of the Dungeon.
             The game lasted 00:37:26 (10413 turns).

Peloso the Carver (Minotaur Fighter)               Turns: 10413, Time: 00:37:26

Health: -2/100     AC: 18    Str: 23    XL:     11   Next: 64%
Magic:  7/7        EV:  6    Int:  5    God:    Okawaru [*****.]
Gold:   372        SH:  0    Dex: 13    Spells: 0 memorised, 10 levels left

rFire  . . .     SeeInvis .     M - +5 demon blade of Stickiness {pain, -Cast rC++ Dex+2}
rCold  + + +     Clarity  .     Z - +0 plate armour
rNeg   . . .     SustAb   .     c - +0 shield
rPois  .         Gourm    .     (helmet restricted)
rElec  .         Spirit   .     j - +0 cloak
rCorr  .         Warding  .     r - +1 pair of gloves
rMut   .         Stasis   .     (no boots)
MR     .....     NoCast   +     Q - amulet of faith
Stlth  ..........               y - ring of protection from cold
                                x - +2 ring of evasion

@: petrifying (expiring), very slow, not resistant to hostile enchantments,
extremely unstealthy
A: retaliatory headbutt, horns 2
a: Heroism, Finesse, Renounce Religion


You were on level 11 of the Dungeon.
You worshipped Okawaru.
Okawaru was extremely pleased with you.
You were hungry.

You visited 2 branches of the dungeon, and saw 12 of its levels.

You collected 812 gold pieces.
You spent 440 gold pieces at shops.

Inventory:

Hand weapons
 a - a +1 long sword
 b - a +3 spear
 u - a +3 short sword
 M - the +5 demon blade of Stickiness (weapon) {pain, -Cast rC++ Dex+2}
   (Okawaru gifted it to you on level 11 of the Dungeon)

   In the hands of one skilled in necromantic magic, it inflicts extra damage on
   living creatures.
   It affects your dexterity (+2).
   It greatly protects you from cold.
   It prevents spellcasting.
Armour
 c - a +0 shield (worn)
 j - a +0 cloak (worn)
 r - a +1 pair of gloves (worn)
 J - a +3 chain mail
 Z - a +0 plate armour (worn)
Jewellery
 t - an uncursed ring of invisibility
 x - a +2 ring of evasion (left hand)
 y - a ring of protection from cold (right hand)
 Q - an amulet of faith (around neck)
Magical devices
 n - a wand of random effects (9)
 p - a wand of frost (25)
 q - a wand of magic darts (15)
 w - a wand of polymorph (9)
 E - a wand of random effects (34)
 G - a wand of frost (19)
 R - a wand of digging (16)
 W - a wand of confusion (12)
 Y - a wand of cold (5)
Scrolls
 f - 3 scrolls of fog
 h - 2 scrolls of blinking
 l - 4 scrolls of enchant armour
 m - 2 scrolls of enchant weapon
 o - 5 scrolls of remove curse
 s - 4 scrolls of teleportation
 v - 4 scrolls of magic mapping
 D - 3 scrolls of identify
 V - 2 scrolls of fear {unknown}
 X - a scroll of amnesia
Potions
 e - a potion of might
 i - a potion of degeneration {unknown}
 A - 2 potions of haste
 B - 2 potions of invisibility
 F - a potion of cure mutation
 H - 4 potions of agility {unknown}
 I - 2 potions of flight {unknown}
 K - a potion of poison {unknown}
 N - a potion of resistance {unknown}
 P - a potion of brilliance {unknown}
 S - a potion of heal wounds {unknown}
Books
 O - a book of Battle

   Spells                             Type                      Level
   a - Infusion                       Charms                       1
   b - Shroud of Golubria             Charms/Translocation         2
   c - Song of Slaying                Charms                       2
   d - Spectral Weapon                Hexes/Charms                 3
   e - Regeneration                   Charms/Necromancy            3
 T - a book of Hinderance

   Spells                             Type                      Level
   a - Confusing Touch                Hexes                        2
   b - Confuse                        Hexes                        3
   c - Petrify                        Transmutation/Earth          4
   d - Metabolic Englaciation         Hexes/Ice                    5
   e - Gell's Gravitas                Hexes/Translocation          5
   f - Summon Mana Viper              Hexes/Summoning              5
 U - a book of Cantrips

   Spells                             Type                      Level
   a - Corona                         Hexes                        1
   b - Animate Skeleton               Necromancy                   1
   c - Summon Small Mammal            Summoning                    1
   d - Apportation                    Translocation                1
Comestibles
 d - 18 bread rations
 g - 8 chunks of flesh
 k - 2 beef jerkies
 z - 2 royal jellies
 C - 4 meat rations
 L - 4 fruits


   Skills:
 + Level 10.2 Fighting
 + Level 11.8 Long Blades
 + Level 10.6 Armour
 + Level 6.1 Dodging
 + Level 1.0 Stealth
 + Level 11.4 Shields
 + Level 1.8 Invocations


You had 10 spell levels left.
You didn't know any spells.

Dungeon Overview and Level Annotations

Branches:
Dungeon (11/15)            Temple (1/1) D:6            Lair (0/8) D:9
    Orc (0/4) D:9

Altars:
Ashenzari
Dithmenos
Elyvilon
Gozag
Kikubaaqudgha
Makhleb
Nemelex Xobeh
Okawaru
Qazlal
Sif Muna
Trog
Vehumet
Xom
Yredelemnul
Zin
The Shining One

Shops:
D:6 =   D:9 ([   D:10 (


Innate Abilities, Weirdness & Mutations

You reflexively headbutt those who attack you in melee.
You have a pair of horns on your head.


Message History

The catoblepas breathes a plume of calcifying dust at you.
The blast of calcifying dust hits you!
Unknown command.
Unknown command.
You hit the catoblepas.
You headbutt the catoblepas, but do no damage.
The catoblepas is almost dead.
You are engulfed in calcifying dust.
You block the catoblepas' attack.
Unknown command.
You barely miss the catoblepas. You headbutt the catoblepas.
The catoblepas is almost dead.
You are engulfed in calcifying dust.
You are slowing down.
Unknown command.
You hit the catoblepas.
You headbutt the catoblepas, but do no damage.
The catoblepas is almost dead.
You are engulfed in calcifying dust.
Your limbs have turned to stone.
The catoblepas gores you!
You die...

#.#..####.........###..
#.#..........#+#####...
#.#....................
#.#........#...........
#.#..≈≈####≈≈≈####≈....
#≈≈≈≈≈##..##≈##..##..##
#≈#####....#8#....##.##
###$?##....###....#....
#).!Y@§§..))'....)....
##%)##....###....#....
## #....# #....#....
##..## ##..##.... ####
####≈.... ..... #.....
#..... ...


You could see a catoblepas.

Vanquished Creatures
  The ghost of Peloso the Blocker, a powerful MiFi of Okawaru (D:11)
  A tengu warrior (D:11)
  A hill giant (D:11)
  A manticore (D:11)
  An ugly thing (D:11)
  2 cyclopes (D:11)
  A kobold demonologist (D:11)
  A fire drake (D:9)
  2 two-headed ogres
  Grinder (D:4)
  4 trolls
  10 yaks
  A wyvern (D:11)
  A spriggan (D:7)
  Eustachio (D:6)
  A hippogriff (D:11)
  A deep elf mage (D:8)
  3 hungry ghosts
  A black bear (D:7)
  4 orc warriors
  An eye of draining (D:9)
  A water moccasin (D:11)
  An ice beast (D:5)
  4 ogres
  A sky beast (D:8)
  A necrophage (D:11)
  3 centaurs
  Duvessa (D:7)
  A big kobold (D:7)
  A gnoll sergeant (D:6)
  4 giant frogs
  Blork the orc (D:4)
  4 killer bees (D:10)
  7 scorpions
  3 wights (D:10)
  3 crimson imps
  Dowan (D:7)
  3 goliath beetles
  2 quasits
  A jelly (D:5)
  2 orc priests
  7 hounds
  6 orc wizards
  6 centaur skeletons
  5 worker ants
  2 sheep (D:11)
  2 hound zombies
  3 worker ant zombies (D:11)
  9 gnolls
  15 adders
  A river rat (D:6)
  2 shadow imps
  4 giant mites
  3 worms
  An adder zombie (D:6)
  An adder skeleton (D:6)
  4 giant geckos
  2 oozes
  29 orcs
  3 ball pythons
  8 bats
  3 giant cockroaches
  19 goblins
  13 hobgoblins
  8 jackals
  19 kobolds
  6 quokkas
  A giant cockroach zombie (D:5)
  2 giant gecko skeletons
  6 giant newts
  A giant spore (D:11)
  2 quokka skeletons
  A quokka zombie (D:8)
  15 rats
  2 ballistomycetes (D:11)
296 creatures vanquished.

Notes
Turn   | Place    | Note
--------------------------------------------------------------
     0 | D:1      | Peloso, the Minotaur Fighter, began the quest for the Orb.
     0 | D:1      | Reached XP level 1. HP: 19/19 MP: 1/1
   142 | D:1      | Reached XP level 2. HP: 25/27 MP: 1/1
   198 | D:1      | Reached skill level 4 in Shields
   454 | D:1      | Reached XP level 3. HP: 33/33 MP: 2/2
  1088 | D:2      | Reached XP level 4. HP: 40/40 MP: 2/2
  1319 | D:3      | Reached skill level 1 in Dodging
  1319 | D:3      | Reached XP level 5. HP: 14/47 MP: 2/2
  1635 | D:3      | Reached skill level 5 in Armour
  1649 | D:3      | Found a white marble altar of Elyvilon.
  1653 | D:3      | Found a bloodstained altar of Trog.
  1812 | D:3      | Found a burning altar of Makhleb.
  1812 | D:3      | Found a shattered altar of Ashenzari.
  1842 | D:3      | Found a sparkling altar of Nemelex Xobeh.
  1957 | D:3      | Reached skill level 5 in Shields
  2135 | D:4      | Reached XP level 6. HP: 41/53 MP: 3/3
  2446 | D:4      | Noticed Blork the orc
  2466 | D:4      | Killed Blork the orc
  2837 | D:4      | Found a shadowy altar of Dithmenos.
  2842 | D:4      | Reached skill level 5 in Fighting
  2846 | D:4      | Noticed Grinder
  2860 | D:4      | Paralysed by Grinder for 7 turns
  2875 | D:4      | Killed Grinder
  2875 | D:4      | Reached skill level 5 in Long Blades
  2875 | D:4      | Reached skill level 6 in Armour
  2875 | D:4      | Reached XP level 7. HP: 18/61 MP: 3/3
  3322 | D:5      | Entered Level 5 of the Dungeon
  3751 | D:5      | Reached XP level 8. HP: 65/70 MP: 3/3
  4116 | D:5      | Found a bloodstained altar of Trog.
  4285 | D:6      | Found Ununtaomn's Jewellery Boutique.
  4327 | D:6      | Found a staircase to the Ecumenical Temple.
  4388 | Temple   | Entered the Ecumenical Temple
  4392 | Temple   | Became a worshipper of Warmaster Okawaru
  4486 | D:6      | Noticed Eustachio
  4502 | D:6      | Killed Eustachio
  4502 | D:6      | Reached skill level 7 in Armour
  5607 | D:6      | Reached skill level 8 in Shields
  5975 | D:7      | Acquired Okawaru's first power
  5975 | D:7      | Reached XP level 9. HP: 78/78 MP: 4/4
  6011 | D:7      | Noticed Duvessa
  6012 | D:7      | Noticed Dowan
  6033 | D:7      | Killed Duvessa
  6042 | D:7      | Killed Dowan
  6850 | D:8      | Reached skill level 9 in Shields
  6851 | D:8      | Found an opulent altar of Gozag.
  7116 | D:8      | Found a deep blue altar of Sif Muna.
  7222 | D:9      | Reached skill level 5 in Dodging
  7313 | D:6      | Bought an uncursed amulet of faith for 440 gold pieces
  7538 | D:9      | Reached XP level 10. HP: 51/86 MP: 3/4
  7562 | D:9      | Found Jaeginu's Weapon Emporium.
  7580 | D:9      | Found a staircase to the Orcish Mines.
  7582 | D:9      | Found Behe's Armour Emporium.
  7644 | D:9      | Found an ancient bone altar of Kikubaaqudgha.
  7676 | D:9      | Reached skill level 10 in Shields
  7698 | D:9      | Reached skill level 1 in Invocations
  7903 | D:9      | Found a staircase to the Lair.
  7904 | D:9      | Noticed a fire drake
  7917 | D:9      | Killed a fire drake
  8115 | D:10     | Entered Level 10 of the Dungeon
  8162 | D:10     | Found Kluem's Weapon Shop.
  8841 | D:11     | Reached skill level 10 in Long Blades
  8909 | D:11     | Acquired Okawaru's second power
  8959 | D:11     | Found a runed door.
  8965 | D:11     | Noticed a manticore
  8971 | D:11     | Noticed a sixfirhy
  8998 | D:11     | Killed a manticore
  8998 | D:11     | Reached XP level 11. HP: 21/97 MP: 7/7
  9438 | D:11     | Noticed a cyclops
  9448 | D:11     | Reached skill level 10 in Armour
  9460 | D:11     | Killed a cyclops
  9460 | D:11     | Reached skill level 1 in Stealth
  9463 | D:11     | Noticed Peloso's ghost (powerful MiFi)
  9485 | D:11     | HP: 2/97 [Peloso's ghost (19)]
  9493 | D:11     | Killed Peloso's ghost
  9493 | D:11     | Received a gift from Okawaru
  9493 | D:11     | Reached skill level 11 in Shields
  9868 | D:11     | Received a gift from Okawaru
  9889 | D:11     | Got a slimy demon blade {god gift}
  9890 | D:11     | Identified the +5 demon blade of Stickiness {pain, -Cast rC++ Dex+2} (Okawaru gifted it to you on level 11 of the Dungeon)
 10012 | D:11     | Reached skill level 10 in Fighting
 10221 | D:11     | Noticed a hill giant
 10230 | D:11     | Killed a hill giant
 10352 | D:11     | Noticed a tengu warrior
 10357 | D:11     | Received a gift from Okawaru
 10364 | D:11     | Killed a tengu warrior
 10379 | D:11     | Noticed a catoblepas
 10406 | D:11     | HP: 5/100 [catoblepas (11)]
 10413 | D:11     | Slain by a catoblepas

Action                   |  1- 3 |  4- 6 |  7- 9 | 10-12 || total
-------------------------+-------+-------+-------+-------++-------
Melee: Long sword        |   118 |   181 |   544 |   322 ||  1165
       Demon blade       |       |       |       |    63 ||    63
Invok: Heroism           |       |       |     2 |     6 ||     8
  Use: Scroll            |       |       |    16 |     2 ||    18
       Potion            |       |       |     1 |     3 ||     4
  Eat: Chunk             |       |     6 |    10 |     7 ||    23
       Fruit             |       |       |     1 |     2 ||     3
       Pizza             |       |       |     1 |     1 ||     2
       Royal jelly       |       |       |     1 |       ||     1
       Beef jerky        |       |       |     1 |       ||     1
